[Event "Titled Tuesday Blitz July 11 Early 2023"]
[White "Hernandez Bermudez, Ulises Eduardo"]
[Black "Szczurek, Krzysztof"]
[WhiteFideId "3902510"]
[BlackFideId "1185489"]
[WhiteElo "2163"]
[BlackElo "2469"]
[Result "0-1"]
[Round "2"]
[TimeControl "180+2"]
[Date "2023.07.11"]
[WhiteClock "0:00:06"]
[BlackClock "0:00:19"]
[Board "202"]

1. e4 c5 2. c3 d5 3. exd5 Qxd5 4. d4 Nc6 5. Nf3 Nf6 6. Be2 e6 7. O-O cxd4 8. cxd4 Be7 9. Nc3 Qd8 10. Bf4 O-O 11. Rc1 a6 12. Bd3 Nb4 13. Bb1 Nbd5 14. Be5 Bd7 15. Qd3 g6 16. Rfd1 Bc6 17. Ng5 Nh5 18. Nge4 f6 19. Bg3 f5 20. Nc5 Bxc5 21. dxc5 f4 22. Qe4 Qf6 23. Nxd5 exd5 24. Qd3 fxg3 25. fxg3 d4 26. Kh1 Rad8 27. a3 Qe5 28. Ba2+ Kh8 29. Re1 Qf6 30. Qd2 Ng7 31. h3 Nf5 32. Kh2 Ne3 33. Re2 Qg5 34. Qd3 Nf5 35. Rce1 Qf6 36. Re5 Ne3 37. R1xe3 dxe3 38. Qxe3 Rde8 39. Rxe8 Rxe8 40. Qc3 Qxc3 41. bxc3 Re2 42. Bc4 Rxg2+ 43. Kh1 Rxg3+ 44. Kh2 Rg2+ 45. Kh1 Rc2+ 46. Kg1 Rxc3 47. Be6 Rxc5 0-1


[Site "https://www.chess.com"]

[Event "Titled Tuesday Blitz July 11 Early 2023"]
[White "Balla, Tamas-Kristof"]
[Black "Hartikainen, Jarmo"]
[WhiteFideId "1208497"]
[BlackFideId "503134"]
[WhiteElo "2468"]
[BlackElo "2158"]
[Result "1-0"]
[Round "2"]
[TimeControl "180+2"]
[Date "2023.07.11"]
[WhiteClock "0:00:29"]
[BlackClock "0:00:36"]
[Board "203"]

1. e4 c5 2. c3 d5 3. exd5 Qxd5 4. d4 cxd4 5. cxd4 Nc6 6. Nf3 Bg4 7. Nc3 Bxf3 8. gxf3 Qxd4 9. Qxd4 Nxd4 10. Nb5 Nc2+ 11. Kd1 Nxa1 12. Nc7+ Kd8 13. Nxa8 Nf6 14. Be3 b6 15. Kc1 Nd5 16. Ba6 e6 17. Kb1 Bd6 18. Rc1 Ke7 19. Rc8 Rxc8 20. Bxc8 Nxe3 21. fxe3 Bxh2 22. Kxa1 h5 23. f4 Bg1 24. f5 Bxe3 25. fxe6 fxe6 26. Nc7 g5 27. Bxe6 g4 28. Bxg4 hxg4 29. Nd5+ Kd6 30. Nxe3 Kc5 31. Nxg4 Kc4 32. Ne3+ Kd3 33. Nd5 Kc2 34. a3 b5 35. Ka2 a5 36. Nc3 b4 37. axb4 axb4 38. Nd5 b3+ 39. Ka3 1-0


[Site "https://www.chess.com"]

[Event "Titled Tuesday Blitz July 11 Early 2023"]
[White "Kev4444444444"]
[Black "Rodriguez Fontecha, Marcos"]
[BlackFideId "2256576"]
[WhiteElo "2155"]
[BlackElo "2467"]
[Result "1-0"]
[Round "2"]
[TimeControl "180+2"]
[Date "2023.07.11"]
[WhiteClock "0:00:13"]
[BlackClock "0:00:00"]
[Board "204"]

1. d4 f5 2. Nf3 Nf6 3. c4 g6 4. b3 Bg7 5. Bb2 d6 6. e3 O-O 7. Nbd2 c6 8. Bd3 Qc7 9. O-O a5 10. Qe2 Nh5 11. g3 e5 12. e4 f4 13. dxe5 dxe5 14. Kg2 Na6 15. c5 h6 16. Rac1 Be6 17. h3 Rad8 18. g4 Qd7 19. Bc4 Nf6 20. Nxe5 Qe8 21. Nxg6 Rf7 22. Ne5 Re7 23. Ndf3 Kh7 24. Rfd1 Rxd1 25. Rxd1 Bxc4 26. Qxc4 Nc7 27. Rd6 Nb5 28. Rd2 Nd7 29. Nxd7 Rxd7 30. e5 Rxd2 31. Nxd2 Qd7 32. Qe4+ Kg8 33. Nf3 Qe6 34. Qxf4 Nc7 35. Qe4 Nd5 36. Bd4 Qf7 37. Qf5 Nf4+ 38. Kh2 Qxf5 39. gxf5 Nd3 40. f6 Bf8 41. e6 Nxc5 42. e7 Bxe7 43. fxe7 Ne6 44. e8=Q+ 1-0


[Site "https://www.chess.com"]

[Event "Titled Tuesday Blitz July 11 Early 2023"]
[White "Baruch, Liam"]
[Black "Disconzi da Silva, Rodrigo"]
[WhiteFideId "14322064"]
[BlackFideId "2100991"]
[WhiteElo "2151"]
[BlackElo "2466"]
[Result "1-0"]
[Round "2"]
[TimeControl "180+2"]
[Date "2023.07.11"]
[WhiteClock "0:00:08"]
[BlackClock "0:00:01"]
[Board "205"]

1. e4 c5 2. Nf3 e6 3. d4 cxd4 4. Nxd4 a6 5. Nc3 Qc7 6. Be2 Nf6 7. O-O Bb4 8. Qd3 Nc6 9. Nxc6 dxc6 10. Bg5 h6 11. Bxf6 gxf6 12. Qf3 Qe5 13. Rad1 Bd7 14. Rd3 O-O-O 15. a3 Bd6 16. g3 Bc7 17. Qe3 h5 18. f4 Qa5 19. Kh1 h4 20. g4 c5 21. b4 cxb4 22. axb4 Qb6 23. Qxb6 Bxb6 24. Bf3 Bc6 25. Rfd1 Bc7 26. Ne2 f5 27. gxf5 exf5 28. Rxd8+ Rxd8 29. Rxd8+ Kxd8 30. Nc3 Bxf4 31. Kg2 h3+ 32. Kxh3 Be5 33. Nd5 fxe4 34. Bxe4 f5 35. Bf3 Bb5 36. Kg2 Bd6 37. Ne3 Bd7 38. h4 f4 39. Nd5 Be6 40. h5 Bf5 41. c4 b5 42. c5 Bf8 43. Nxf4 Bg7 44. Ng6 Bc3 45. Nh4 Bh7 46. Bg4 Bxb4 47. c6 Kc7 48. Bf5 Bg8 49. Ng6 Bc3 50. h6 Kxc6 51. Ne7+ Kd6 52. Nxg8 Ke5 53. Bg4 Kf4 54. Be2 b4 55. h7 b3 56. Bd3 Ke3 57. Bb1 a5 58. Ne7 a4 59. Nd5+ Kd2 60. Nxc3 a3 61. h8=Q a2 62. Qd4+ Kc1 63. Bxa2 Kb2 64. Na4+ Ka3 65. Qb2+ Kb4 66. Qxb3+ Ka5 67. Qb6+ Kxa4 68. Qb3+ Ka5 69. Bb1 1-0


[Site "https://www.chess.com"]

[Event "Titled Tuesday Blitz July 11 Early 2023"]
[White "Jimenez Jimenez, Leandro"]
[Black "Ramu, K."]
[WhiteFideId "6415253"]
[BlackFideId "5006171"]
[WhiteElo "2466"]
[BlackElo "2148"]
[Result "1-0"]
[Round "2"]
[TimeControl "180+2"]
[Date "2023.07.11"]
[WhiteClock "0:00:48"]
[BlackClock "0:00:09"]
[Board "206"]

1. d4 Nf6 2. c4 g6 3. Nc3 Bg7 4. e4 d6 5. f3 c5 6. Nge2 O-O 7. Be3 Nc6 8. d5 Ne5 9. Ng3 h5 10. Be2 h4 11. Nf1 a6 12. Nd2 e6 13. a4 exd5 14. cxd5 Re8 15. O-O Rb8 16. a5 Kh7 17. h3 Qc7 18. Bg5 Bh6 19. Bxh4 Nh5 20. Nc4 Nxc4 21. Bxc4 Nf4 22. Ne2 g5 23. Bg3 b5 24. Bd3 c4 25. Bc2 Bd7 26. Qd2 Rg8 27. Nxf4 gxf4 28. Bxf4 Bxh3 29. e5+ Kh8 30. Rf2 Bf8 31. Bg5 dxe5 32. Bf6+ Bg7 33. Qh6# 1-0


[Site "https://www.chess.com"]

[Event "Titled Tuesday Blitz July 11 Early 2023"]
[White "gueraumasague"]
[Black "HeinichessPY"]
[WhiteElo "2465"]
[BlackElo "2143"]
[Result "1-0"]
[Round "2"]
[TimeControl "180+2"]
[Date "2023.07.11"]
[WhiteClock "0:02:09"]
[BlackClock "0:00:16"]
[Board "207"]

1. e4 c5 2. Nc3 Nc6 3. Bb5 g6 4. Bxc6 dxc6 5. d3 Bg7 6. f4 Nf6 7. Nf3 O-O 8. O-O Bg4 9. Qe1 Bxf3 10. Rxf3 Ng4 11. h3 Bd4+ 12. Kh1 Nf6 13. Ne2 Nh5 14. g4 Ng7 15. c3 Bf6 16. g5 e5 17. gxf6 Qxf6 18. Qg3 Nh5 19. Qg5 Qd6 20. fxe5 Qd7 21. Nf4 Ng7 22. Be3 Rae8 23. Bxc5 Ne6 24. Nxe6 fxe6 25. Bxf8 Rxf8 26. Rxf8+ Kxf8 27. Rf1+ Kg8 28. Qf6 1-0


[Site "https://www.chess.com"]

[Event "Titled Tuesday Blitz July 11 Early 2023"]
[White "Devaev, Alexander"]
[Black "Ho, In Hei Henry"]
[WhiteFideId "4169395"]
[BlackFideId "6002552"]
[WhiteElo "2463"]
[BlackElo "2142"]
[Result "1-0"]
[Round "2"]
[TimeControl "180+2"]
[Date "2023.07.11"]
[WhiteClock "0:01:06"]
[BlackClock "0:00:00"]
[Board "208"]

1. Nf3 Nf6 2. c4 e6 3. Nc3 d5 4. d4 c6 5. Bg5 Be7 6. e3 O-O 7. Qc2 Nbd7 8. a3 b6 9. Bd3 Bb7 10. Ne5 Rc8 11. Nxd7 Nxd7 12. Bxe7 Qxe7 13. cxd5 cxd5 14. Bxh7+ Kh8 15. Bd3 f5 16. f4 Qh4+ 17. Qf2 Qxf2+ 18. Kxf2 a6 19. Rac1 b5 20. b3 Kg8 21. h3 Kf7 22. g4 g6 23. Ne2 Nf6 24. Kf3 Rh8 25. Kg3 Bc6 26. Rhd1 Bd7 27. Rc5 Rxc5 28. dxc5 Rc8 29. b4 Ng8 30. Nd4 Ne7 31. h4 Rh8 32. Rh1 Nc6 33. g5 Nxd4 34. exd4 Ke7 35. Be2 Be8 36. Bf3 Kd7 37. Re1 Bf7 38. Be2 Kc6 39. Ra1 Rb8 40. a4 Be8 41. axb5+ axb5 42. Ra6+ Kd7 43. Ra7+ Kd8 44. h5 gxh5 45. Kh4 Rc8 46. Bxh5 Bxh5 47. Kxh5 Ke8 48. Kg6 Kf8 49. Kf6 Re8 50. g6 1-0


[Site "https://www.chess.com"]

[Event "Titled Tuesday Blitz July 11 Early 2023"]
[White "Jimenez Ruano, Adrian"]
[Black "Wesolowska, Hanna"]
[WhiteFideId "22276050"]
[BlackFideId "1104683"]
[WhiteElo "2462"]
[BlackElo "2142"]
[Result "0-1"]
[Round "2"]
[TimeControl "180+2"]
[Date "2023.07.11"]
[WhiteClock "0:00:17"]
[BlackClock "0:00:21"]
[Board "209"]

1. e4 c5 2. Nf3 d6 3. d4 cxd4 4. Nxd4 Nf6 5. Nc3 a6 6. Be3 e6 7. f3 b5 8. Qd2 Bb7 9. O-O-O Ke7 10. Be2 Ke8 11. Rhe1 Be7 12. Bf1 Qc7 13. Kb1 Nbd7 14. g4 h6 15. h4 Rc8 16. g5 hxg5 17. hxg5 Nh5 18. g6 e5 19. gxf7+ Kxf7 20. Nf5 g6 21. Nxd6+ Bxd6 22. Qxd6 Qxd6 23. Rxd6 Ndf6 24. Rb6 Rc7 25. a4 bxa4 26. Nxa4 Rhc8 27. Nc5 Bc6 28. Bc4+ Ke7 29. Nxa6 Rb7 30. b3 Rxb6 31. Bxb6 Nd7 32. Be3 Nf4 33. Nb4 Bb7 34. Rh1 Kf6 35. Rh7 Rd8 36. Bb5 Bxe4 37. fxe4 Nf8 38. Bxf4 Nxh7 39. Be3 g5 40. Nd5+ Ke6 41. Bxg5 Nxg5 42. Bd3 Nf3 43. Ne3 Nd2+ 44. Kb2 Nf3 45. Nd5 Ne1 46. Nb4 Nxd3+ 47. cxd3 Rd4 48. Kc3 Kd6 49. Nd5 Kc5 50. b4+ Kb5 51. Nc7+ Kc6 52. Ne6 Rd6 53. Nc5 Kb5 54. Nb3 Rc6+ 55. Nc5 Rc7 56. Kb3 Rc6 57. Ne6 Rxe6 58. Kc3 Rd6 59. Kc2 Rd4 60. Kc3 Rxb4 61. Kd2 Rd4 62. Ke3 Kb4 63. Kf3 Kc3 64. Kg4 Kxd3 65. Kf5 Rxe4 66. Kg5 Kd4 67. Kh5 Re3 68. Kg5 e4 69. Kf4 Rf3+ 70. Kg4 Kd3 71. Kh4 Rf1 72. Kg3 e3 73. Kg2 e2 74. Kh2 Kd2 75. Kh3 e1=Q 76. Kg2 Qe2+ 77. Kh3 Rf3+ 78. Kg4 Qe4+ 79. Kg5 Rf5+ 80. Kg6 Qe6+ 81. Kg7 Rf7+ 82. Kg8 Qe8# 0-1


[Site "https://www.chess.com"]

[Event "Titled Tuesday Blitz July 11 Early 2023"]
[White "Cardenas Carbajal, Nilson"]
[Black "Gatterer, Florian"]
[WhiteFideId "8401128"]
[BlackFideId "811688"]
[WhiteElo "2137"]
[BlackElo "2460"]
[Result "0-1"]
[Round "2"]
[TimeControl "180+2"]
[Date "2023.07.11"]
[WhiteClock "0:00:00"]
[BlackClock "0:00:13"]
[Board "210"]

1. e4 c5 2. d4 cxd4 3. c3 dxc3 4. Nxc3 Nc6 5. Nf3 e6 6. Bc4 Bb4 7. O-O a6 8. Qd3 Nge7 9. Bg5 h6 10. Bh4 Qa5 11. Nd5 Ng6 12. Bg3 exd5 13. exd5 Nce7 14. a3 b5 15. Ba2 d6 16. axb4 Qxb4 17. Nd4 O-O 18. Nc6 Qc5 19. Rac1 Qb6 20. Bxd6 Re8 21. Rfe1 Bf5 22. Qf3 Nh4 23. Qg3 Nxc6 24. Rxe8+ Rxe8 25. dxc6 Qxc6 26. Rf1 Ng6 27. h3 Be6 28. Bb1 Qd5 29. Bb4 Bf5 30. Bxf5 Qxf5 31. Bc3 Qe6 32. h4 Qf5 0-1


[Site "https://www.chess.com"]

[Event "Titled Tuesday Blitz July 11 Early 2023"]
[White "Flynn, Jacob"]
[Black "Grigoryan, Meri"]
[WhiteFideId "2509393"]
[BlackFideId "13300571"]
[WhiteElo "2459"]
[BlackElo "2131"]
[Result "0-1"]
[Round "2"]
[TimeControl "180+2"]
[Date "2023.07.11"]
[WhiteClock "0:01:30"]
[BlackClock "0:01:45"]
[Board "211"]

1. d4 d5 2. c4 e5 3. dxe5 d4 4. Nf3 Nc6 5. a3 a5 6. e3 Bc5 7. exd4 Bxd4 8. Nxd4 Qxd4 9. Qxd4 Nxd4 10. Ra2 Bf5 11. Be3 Nc2+ 12. Kd2 Nxe3 13. Kxe3 Bxb1 14. Ra1 Bf5 15. Be2 O-O-O 16. g4 Be6 17. f4 g6 18. Rhf1 Ne7 19. b4 h5 20. h3 hxg4 21. hxg4 Rh3+ 22. Rf3 Bxg4 23. Rxh3 Bxh3 24. Rh1 Be6 25. bxa5 Nf5+ 26. Kf2 Rd2 27. Ke1 Rxe2+ 28. Kf1 Ng3+ 29. Kg1 0-1


[Site "https://www.chess.com"]

[Event "Titled Tuesday Blitz July 11 Early 2023"]
[White "Roque Sola, Jose Luis"]
[Black "Mmukka"]
[WhiteFideId "5120390"]
[WhiteElo "2126"]
[BlackElo "2458"]
[Result "0-1"]
[Round "2"]
[TimeControl "180+2"]
[Date "2023.07.11"]
[WhiteClock "0:00:00"]
[BlackClock "0:00:19"]
[Board "212"]

1. c4 Nf6 2. Nc3 g6 3. Nf3 Bg7 4. g3 O-O 5. Bg2 d6 6. O-O e5 7. d3 Nc6 8. Rb1 a5 9. a3 Re8 10. b4 axb4 11. axb4 e4 12. Ne1 exd3 13. exd3 Nd4 14. Bb2 Bg4 15. Qd2 Nd7 16. h3 Ne2+ 17. Nxe2 Bxe2 18. Bxg7 Kxg7 19. Bxb7 Rb8 20. Bg2 Bxf1 21. Kxf1 Qf6 22. Nc2 Ne5 23. Ne3 h5 24. Nd5 Qd8 25. Qc3 c6 26. Ne3 Qf6 27. f4 Nd7 28. Qxf6+ Nxf6 29. Kf2 Rb6 30. Nc2 d5 31. Nd4 c5 32. Nb5 cxb4 33. Rxb4 dxc4 34. dxc4 Rc8 35. Ra4 Re6 36. Ra7 Rxc4 0-1


[Site "https://www.chess.com"]

[Event "Titled Tuesday Blitz July 11 Early 2023"]
[White "Mihailidis, Anastasios"]
[Black "Ishowmoves57"]
[WhiteFideId "4205588"]
[WhiteElo "2453"]
[BlackElo "2117"]
[Result "1/2-1/2"]
[Round "2"]
[TimeControl "180+2"]
[Date "2023.07.11"]
[WhiteClock "0:00:23"]
[BlackClock "0:00:14"]
[Board "213"]

1. e4 c5 2. Nf3 Nc6 3. c4 Nf6 4. Nc3 d6 5. Be2 g6 6. O-O Bg7 7. d4 cxd4 8. Nxd4 O-O 9. Be3 Bd7 10. f3 Nxd4 11. Bxd4 Bc6 12. Rc1 Nd7 13. b3 Bxd4+ 14. Qxd4 a5 15. Rc2 Qb6 16. Qxb6 Nxb6 17. Rfc1 Nd7 18. Nd1 Nc5 19. Nf2 Na6 20. Nd3 b6 21. a3 Nc5 22. Rc3 Nxd3 23. Bxd3 Ra7 24. Kf2 Rb8 25. Ke3 Kf8 26. g3 e6 27. f4 Ke7 28. h3 f5 29. b4 axb4 30. axb4 Ra2 31. c5 bxc5 32. bxc5 dxc5 33. Rxc5 Bxe4 34. Bxe4 fxe4 35. Kxe4 Rb4+ 36. Kf3 Ra3+ 37. Kg4 Rbb3 38. Rc7+ Kf6 39. Rg1 h5+ 40. Kh4 Rd3 41. Rc6 Rab3 42. Ra6 Rdc3 43. Rg2 Rd3 44. Ra8 Rdc3 45. Rf8+ Kg7 46. Re8 Kf7 47. Rd8 Kf6 48. Re8 Kf7 49. Rh8 Kg7 50. Rd8 Kf6 51. Rd7 Rd3 52. Rxd3 Rxd3 53. Rf2 Rd4 54. g4 hxg4 55. hxg4 Rd1 56. Kg3 Rg1+ 57. Kf3 Rc1 58. Re2 Rc3+ 59. Ke4 Rc4+ 60. Kf3 Ra4 61. g5+ Kf7 62. Rb2 Ra7 63. Rb5 Ra3+ 64. Ke4 Ra7 65. Ke5 Rc7 66. Ra5 Rb7 67. Rc5 Ra7 68. Kd6 Ra6+ 69. Ke5 Ra7 70. Rc4 Ra5+ 71. Ke4 Ra7 72. Rc1 Rb7 73. Rh1 Rb4+ 74. Kf3 e5 75. fxe5 Ke6 76. Rh6 Kxe5 77. Rxg6 Kf5 78. Rg8 Rf4+ 79. Ke3 Rg4 80. g6 Rxg6 81. Rxg6 Kxg6 1/2-1/2


[Site "https://www.chess.com"]

[Event "Titled Tuesday Blitz July 11 Early 2023"]
[White "Tarnowska, Aleksandra"]
[Black "Marn, Jan"]
[WhiteFideId "1180967"]
[BlackFideId "14619245"]
[WhiteElo "2111"]
[BlackElo "2453"]
[Result "1-0"]
[Round "2"]
[TimeControl "180+2"]
[Date "2023.07.11"]
[WhiteClock "0:00:07"]
[BlackClock "0:00:01"]
[Board "214"]

1. e4 e5 2. Nf3 Nc6 3. Bb5 a6 4. Ba4 Nge7 5. O-O g6 6. c3 Bg7 7. d4 O-O 8. d5 Nb8 9. Re1 d6 10. h3 Nd7 11. Nbd2 h6 12. Nf1 f5 13. exf5 Nxf5 14. N3h2 Nf6 15. Ne3 Nh4 16. Neg4 Nxg4 17. Nxg4 h5 18. Nh2 Nxg2 19. Kxg2 Qh4 20. Be3 Bxh3+ 21. Kg1 Bh6 22. Qd3 Bxe3 23. Qxe3 Rf4 24. Bd1 Bd7 25. Qg3 Qf6 26. Rf1 Rf8 27. f3 Kh7 28. Be2 h4 29. Qg2 g5 30. Rad1 e4 31. fxe4 Qe5 32. Rxf4 Rxf4 33. Rf1 Rxf1+ 34. Bxf1 Qf4 35. Qf2 Qc1 36. Qf7+ Kh6 37. Qxd7 Qe3+ 38. Kg2 Qxe4+ 39. Kg1 Qe3+ 40. Kg2 Qe4+ 41. Nf3 g4 42. Qe6+ Qxe6 43. dxe6 gxf3+ 44. Kxf3 Kg7 45. Bh3 Kf6 46. Kf4 b5 47. b3 c5 48. a4 bxa4 49. bxa4 a5 50. Bg4 d5 51. Kf3 d4 52. cxd4 cxd4 53. Ke4 1-0


[Site "https://www.chess.com"]

[Event "Titled Tuesday Blitz July 11 Early 2023"]
[White "Nunez V, Gustavo Eduardo"]
[Black "campochess"]
[WhiteFideId "4403690"]
[WhiteElo "2451"]
[BlackElo "2110"]
[Result "1-0"]
[Round "2"]
[TimeControl "180+2"]
[Date "2023.07.11"]
[WhiteClock "0:00:58"]
[BlackClock "0:00:38"]
[Board "215"]

1. e4 c5 2. Nc3 Nc6 3. g3 g6 4. Bg2 Bg7 5. Nge2 d6 6. O-O Nf6 7. d3 O-O 8. h3 Rb8 9. f4 b5 10. e5 Nxe5 11. fxe5 dxe5 12. Be3 Nd7 13. a4 b4 14. Ne4 Qa5 15. Nc1 f5 16. Nb3 Qc7 17. Nexc5 Nf6 18. d4 Rd8 19. Nd3 f4 20. gxf4 exd4 21. Bxd4 Rxd4 22. Nxd4 Nh5 23. Nb5 Qb6+ 24. Kh2 a6 25. Nxb4 axb5 26. Nd5 Qc5 27. axb5 Rxb5 28. c4 Rxb2 29. Ra8 Kf7 30. Qe1 Be6 31. Ra6 Bxd5 32. cxd5 Qc2 33. Qe6+ 1-0


[Site "https://www.chess.com"]

[Event "Titled Tuesday Blitz July 11 Early 2023"]
[White "Begunov, Konstantin"]
[Black "Marin Masis, Jose Esteban"]
[WhiteFideId "4118510"]
[BlackFideId "6508146"]
[WhiteElo "2449"]
[BlackElo "2105"]
[Result "0-1"]
[Round "2"]
[TimeControl "180+2"]
[Date "2023.07.11"]
[WhiteClock "0:00:01"]
[BlackClock "0:00:07"]
[Board "216"]

1. d4 Nf6 2. c4 e6 3. Nf3 Bb4+ 4. Nbd2 O-O 5. a3 Be7 6. e4 d6 7. b4 b6 8. Bb2 Bb7 9. e5 dxe5 10. dxe5 Ne8 11. Qc2 Nc6 12. Bd3 g6 13. Ne4 Bxb4+ 14. Kf1 Be7 15. Rd1 Qc8 16. h4 Ng7 17. Nf6+ Bxf6 18. exf6 Nf5 19. Qc1 Rd8 20. g4 Rxd3 21. Rxd3 Ncd4 22. Nxd4 Nxd4 23. Rhh3 c5 24. h5 Qf8 25. hxg6 fxg6 26. Rxd4 cxd4 27. Bxd4 Qf7 28. Qg5 Rd8 29. Qe3 e5 30. Bc3 Qxc4+ 31. Kg1 Rd1+ 32. Kh2 Rh1+ 33. Kg3 Rg1+ 34. Kh4 Rd1 35. Qxe5 Qf7 36. Qe7 g5+ 37. Kxg5 Qg6+ 38. Kf4 Qe4+ 39. Kg3 Rg1+ 40. Kh2 Qg2# 0-1


[Site "https://www.chess.com"]

[Event "Titled Tuesday Blitz July 11 Early 2023"]
[White "Johnson, Ben"]
[Black "Itkis, Boris"]
[WhiteFideId "2010917"]
[BlackFideId "1209167"]
[WhiteElo "2103"]
[BlackElo "2445"]
[Result "0-1"]
[Round "2"]
[TimeControl "180+2"]
[Date "2023.07.11"]
[WhiteClock "0:00:02"]
[BlackClock "0:01:31"]
[Board "217"]

1. Nf3 d5 2. e3 Nf6 3. c4 e6 4. b3 Be7 5. Bb2 O-O 6. Qc2 c5 7. cxd5 exd5 8. d4 Nc6 9. Be2 cxd4 10. Nxd4 Bb4+ 11. Kf1 Nxd4 12. Bxd4 Be6 13. a3 Rc8 14. Qb2 Be7 15. Nd2 Bf5 16. f3 Rc2 17. Qxc2 Bxc2 18. Rc1 Bg6 19. Kf2 Bxa3 20. Ra1 Bd6 21. Rxa7 Qe7 22. Nb1 Bc5 23. Bxc5 Qxc5 24. Rxb7 d4 25. Rd1 dxe3+ 26. Kg1 Qc2 27. Kf1 Ne4 28. fxe4 Bxe4 29. Re7 Bxg2+ 0-1


[Site "https://www.chess.com"]

[Event "Titled Tuesday Blitz July 11 Early 2023"]
[White "Zheenbekov, Nurgazy"]
[Black "Floresvillar Gonzalez, Luis Migu"]
[WhiteFideId "13800485"]
[BlackFideId "5100542"]
[WhiteElo "2444"]
[BlackElo "2099"]
[Result "1-0"]
[Round "2"]
[TimeControl "180+2"]
[Date "2023.07.11"]
[WhiteClock "0:00:32"]
[BlackClock "0:00:14"]
[Board "218"]

1. e4 c6 2. d4 d5 3. exd5 cxd5 4. Bd3 Nc6 5. c3 Nf6 6. h3 Qc7 7. Nf3 g6 8. O-O Bf5 9. Be2 Bg7 10. Re1 h5 11. Nbd2 Be4 12. Nxe4 Nxe4 13. Ng5 Nxg5 14. Bxg5 O-O 15. Qd2 e6 16. Bf4 Qe7 17. g4 hxg4 18. hxg4 f5 19. g5 Kf7 20. Bf3 Qd7 21. Kg2 Rae8 22. Rh1 Rh8 23. b4 b5 24. a4 Rxh1 25. Kxh1 Rh8+ 26. Kg2 a6 27. axb5 axb5 28. Ra6 Qb7 29. Qa2 Bxd4 30. Bxd5 Nxb4 31. Bxb7 Nxa2 32. Rxa2 Bxc3 33. Bc6 b4 34. Ra7+ Kf8 35. Bd6+ Kg8 36. Bd7 Rh7 37. Bxe6+ Kh8 38. Ra8+ Kg7 39. Rg8# 1-0


[Site "https://www.chess.com"]

[Event "Titled Tuesday Blitz July 11 Early 2023"]
[White "cycygogne"]
[Black "Zacurdajev, Dmitry"]
[BlackFideId "4196309"]
[WhiteElo "2099"]
[BlackElo "2443"]
[Result "0-1"]
[Round "2"]
[TimeControl "180+2"]
[Date "2023.07.11"]
[WhiteClock "0:00:15"]
[BlackClock "0:00:24"]
[Board "219"]

1. e4 c6 2. d4 d5 3. Nc3 dxe4 4. Nxe4 Nf6 5. Ng3 Bg4 6. Be2 Bxe2 7. N1xe2 e6 8. O-O h5 9. Bg5 Be7 10. Bxf6 gxf6 11. h3 f5 12. Nf4 h4 13. Nge2 Nd7 14. c4 Bd6 15. Qd2 Rg8 16. Kh1 Qg5 17. Rg1 O-O-O 18. Rad1 Nf6 19. Qe3 Ne4 20. d5 Bc5 21. Nd4 e5 22. Nfe6 Qxe3 23. fxe3 fxe6 24. Nxe6 Bxe3 25. Rge1 Nf2+ 0-1


[Site "https://www.chess.com"]

[Event "Titled Tuesday Blitz July 11 Early 2023"]
[White "Omariev, Maksim"]
[Black "Winkels, Marcel"]
[WhiteFideId "4193423"]
[BlackFideId "1003887"]
[WhiteElo "2433"]
[BlackElo "2085"]
[Result "1/2-1/2"]
[Round "2"]
[TimeControl "180+2"]
[Date "2023.07.11"]
[WhiteClock "0:00:04"]
[BlackClock "0:00:11"]
[Board "220"]

1. g4 d5 2. Bg2 c6 3. h3 e5 4. d4 e4 5. c4 Bd6 6. Nc3 Ne7 7. Bg5 f6 8. Be3 O-O 9. Qb3 Qb6 10. c5 Qxb3 11. axb3 Bc7 12. f3 exf3 13. exf3 Na6 14. Nge2 Re8 15. Kd2 Ng6 16. h4 Bd7 17. h5 Nf8 18. Bf4 Bxf4+ 19. Nxf4 Nc7 20. Rhe1 Nfe6 21. Nce2 a6 22. Kd3 Ng5 23. Ng3 Nce6 24. Nxe6 Nxe6 25. Ne2 Ng5 26. Ng3 Ne6 27. Ne2 Ng5 28. b4 Re7 29. Ng3 Rae8 30. Rxe7 Rxe7 31. Kd2 Ne6 32. Ne2 Ng5 33. Re1 Kf7 34. Ng3 Rxe1 35. Kxe1 Ne6 36. Ne2 g6 37. hxg6+ hxg6 38. Kd2 g5 39. Ke3 Nc7 40. Bf1 Ne8 41. Ng3 Ng7 42. Bd3 Ne6 43. Bf5 Nf8 44. Bxd7 Nxd7 45. Nf5 Nf8 46. Nd6+ Ke6 47. Nxb7 Kd7 48. Nd6 Ne6 49. Nf5 Nf4 50. Ng3 Ng2+ 51. Kf2 Nf4 52. Ke3 Ng2+ 53. Kd2 Nf4 54. Nh5 Ke6 55. Nxf4+ gxf4 56. Kc3 Kd7 57. Kb3 Kc7 58. Ka4 Kb7 59. Ka5 Ka7 60. Ka4 Kb7 61. Kb3 Kc7 62. Kc3 Kd7 63. Kd3 Ke7 64. Ke2 Ke6 65. Kf2 Kf7 66. Kg2 Kg6 67. Kh2 Kh6 68. Kg2 Kg6 69. Kh3 Kg5 70. b3 Kg6 71. Kh4 Kh6 72. Kh3 Kg5 73. Kg2 Kg6 74. Kh2 Kh6 75. Kh3 Kg5 76. Kg2 Kg6 77. Kh2 Kh6 78. Kh3 1/2-1/2


[Site "https://www.chess.com"]

[Event "Titled Tuesday Blitz July 11 Early 2023"]
[White "Schain, Randolph"]
[Black "Sztokbant, Bernardo Vainzoff"]
[WhiteFideId "2003139"]
[BlackFideId "2115956"]
[WhiteElo "2074"]
[BlackElo "2432"]
[Result "0-1"]
[Round "2"]
[TimeControl "180+2"]
[Date "2023.07.11"]
[WhiteClock "0:01:47"]
[BlackClock "0:00:04"]
[Board "221"]

1. e4 c6 2. d3 d5 3. Nd2 e5 4. g3 Bd6 5. Bg2 Nf6 6. Ngf3 O-O 7. O-O Nbd7 8. c3 h6 9. Re1 Re8 10. Nf1 Nf8 11. Qc2 Ng6 12. Ne3 Be6 13. Nf5 Bxf5 14. exf5 Nf8 15. d4 exd4 16. Nxd4 Rxe1+ 17. Bf1 Qe7 18. h3 Ne4 19. g4 Ng5 20. Bxg5 hxg5 21. f6 gxf6 22. Nf5 Qe5 23. Rxe1 Qh2# 0-1


[Site "https://www.chess.com"]

[Event "Titled Tuesday Blitz July 11 Early 2023"]
[White "Lopez Gracia, Fernando"]
[Black "Jaivardhan Raj"]
[WhiteFideId "2207184"]
[BlackFideId "25744437"]
[WhiteElo "2427"]
[BlackElo "2073"]
[Result "1/2-1/2"]
[Round "2"]
[TimeControl "180+2"]
[Date "2023.07.11"]
[WhiteClock "0:00:10"]
[BlackClock "0:00:27"]
[Board "222"]

1. e4 c5 2. Nc3 Nc6 3. g3 g6 4. Bg2 Bg7 5. d3 e6 6. Nge2 Nge7 7. O-O O-O 8. f4 d5 9. e5 Rb8 10. g4 f6 11. exf6 Bxf6 12. Ng3 b5 13. Re1 b4 14. Nce2 Nd4 15. Nxd4 Bxd4+ 16. Kh1 Nc6 17. Rb1 Qa5 18. f5 Bf2 19. Rxe6 Bxe6 20. fxe6 Bxg3 21. hxg3 Qxa2 22. Bh6 Rfe8 23. Ra1 Qxb2 24. Bxd5 Ne7 25. Bc4 Ra8 26. Qf1 Rf8 27. Bxf8 Rxf8 28. Qg1 Qxc2 29. Rxa7 Qe2 30. Rxe7 Rf1 31. Qxf1 Qxf1+ 32. Kh2 Qf2+ 33. Kh1 Qxg3 34. Re8+ Kg7 35. e7 Qh3+ 36. Kg1 Qxg4+ 37. Kf2 Qf4+ 38. Ke2 Qe5+ 39. Kd2 Qc3+ 40. Ke3 Qe5+ 41. Kd2 Qc3+ 42. Ke2 Qe5+ 43. Kf3 Qf5+ 44. Kg3 Qg5+ 45. Kf2 Qf4+ 46. Ke2 Qe5+ 1/2-1/2


[Site "https://www.chess.com"]

[Event "Titled Tuesday Blitz July 11 Early 2023"]
[White "Tqebuchava, Zurab"]
[Black "Avila Jimenez, Xavier"]
[WhiteFideId "13601113"]
[BlackFideId "2210533"]
[WhiteElo "2045"]
[BlackElo "2427"]
[Result "0-1"]
[Round "2"]
[TimeControl "180+2"]
[Date "2023.07.11"]
[WhiteClock "0:00:00"]
[BlackClock "0:00:14"]
[Board "223"]

1. e4 d5 2. exd5 Qxd5 3. Nc3 Qd6 4. Nf3 Nf6 5. h3 c6 6. Be2 Bf5 7. O-O h6 8. d4 Nbd7 9. Be3 e6 10. Qd2 Qc7 11. Bf4 Bd6 12. Bxd6 Qxd6 13. a4 O-O 14. a5 a6 15. Rfe1 Rad8 16. Bd3 Bxd3 17. Qxd3 c5 18. Ne4 Qc6 19. dxc5 Nxe4 20. Qxe4 Qxe4 21. Rxe4 Nxc5 22. Rc4 Rd5 23. b4 Nd7 24. Rc7 Rb8 25. Kf1 Kf8 26. Ke2 Ke8 27. Rd1 Rxd1 28. Kxd1 Kd8 29. Rc3 Rc8 30. Rd3 Ke7 31. Kd2 f6 32. Rc3 Rxc3 33. Kxc3 Kd6 34. Kd4 f5 35. c4 e5+ 36. Kc3 g5 37. g4 Ke6 38. Nd2 Nf6 39. gxf5+ Kxf5 40. b5 g4 41. h4 Nd7 42. Kb4 e4 43. c5 axb5 44. a6 bxa6 45. c6 Nb6 46. Kc5 Nc8 47. c7 e3 48. fxe3 g3 49. Nf3 Ke4 50. Ng1 Kxe3 51. Kc6 b4 52. Kd7 Nb6+ 53. Kc6 Nc8 54. Kd7 Na7 55. Kd6 b3 56. Kc5 b2 57. Kb6 Nc8+ 58. Kb7 Ne7 0-1


[Site "https://www.chess.com"]